AoeStats
← Pwncakes

Black Forest

507366809Analyzed
3v3 RM · 14d ago on Sep 17, 2026· 22m 23s· 6 players
Game mode
Random Map
Map size
Normal (6 player)
Population
200
Speed
Normal
Resources
Standard
Victory
Conquest
Starting age
Dark Age
Ending age
Imperial Age
RankedLock teamsTeams togetherTeam positionsShared explorationLock speedFull tech treeHidden civsTurbo modeCheats
Victory
Defeat
🇦🇷 Khmer · Argentina
1469
+13
🇨🇦 Persians · Canada
1370
+17
🇺🇸 Georgians · United States
1332
+18
🇮🇹 Franks · Italy
1414
-17
🇮🇹 Mapuche · Italy
1393
-16
🇮🇹 Turks · Italy
1376
-15
Lyy
1:14 Loom
11:47 Feudal Age
16:22 Castle Age
14:47 Double-Bit Axe
15:08 Gold Mining
22:05 Imperial Age
QQQ
12:00 Feudal Age
12:47 Loom
13:58 Double-Bit Axe
17:00 Castle Age
16:27 Fletching
Wendysocute
3:38 Loom
Pwncakes
0:45 Loom
12:29 Feudal Age
13:23 Double-Bit Axe
16:29 Fishing Lines
16:41 Horse Collar
23:29 Castle Age
22:36 Town Watch
23:27 Wheelbarrow
23:06 Scale Barding Armor
[TodEs] JohnWCooke
6:52 Loom
9:37 Feudal Age
11:44 Double-Bit Axe
11:40 Horse Collar
18:52 Castle Age
18:27 Scale Barding Armor
19:05 Bloodlines
wiper
0:48 Loom
Connection lost

Rejoining the realm…

Still unreachable

The connection could not be restored.

Session expired

The server has moved on; the page needs a fresh start.